 Dungeon Sprint DCSS version 0.23-a0-322-g02c3efa (webtiles) character file.

130873 schets the Deadly Accurate (level 16, -7/143 HPs)
             Began as a Gnoll Skald on Oct 15, 2018.
             Was the Champion of Cheibriados.
             Mangled by a vampire knight
             ... wielding a +0 battleaxe
              (10 damage)
             ... while paralysed by a vampire knight
             ... in the Dungeon (Sprint VII: "The Pits").
             The game lasted 00:51:22 (11215 turns).

schets the Deadly Accurate (Gnoll Skald)           Turns: 11215, Time: 00:51:22

Health: -7/143     AC: 28    Str: 32    XL:     16   Next: 75%
Magic:  23/38      EV:  2    Int: 41    God:    Cheibriados [******]
Gold:   111        SH:  0    Dex: 23    Spells: 2/51 levels left

rFire    + . .     SeeInvis +   H - +3 double sword
rCold    + + .     Gourm    .   L - +1 large shield
rNeg     + + .     Faith    .   t - +6 chain mail
rPois    +         Spirit   .   s - +1 helmet
rElec    +         Reflect  +   J - +1 cloak of Starlight {rElec rC+ EV+4 Stlth--}
rCorr    .         Harm     .   (no gloves)
MR       ++...     NoTele   +   w - +0 pair of boots
Stlth    ++........             U - amulet "Joasidau" {Reflect rC+ rN++ Dex-5 SH+3}
HPRegen  0.33/turn              y - ring "Uriti" {rPois rF+ MR+ Str+4}
MPRegen  0.26/turn              M - ring of Suspicion {+Inv Int+4 Dex-3 SInv}

@: paralysed, death channel, flayed, studying 2 skills, very slow
A: distributed training, fangs 1, strong nose
}: 1/3 runes: silver
a: Bend Time, Temporal Distortion, Slouch, Step From Time, Renounce Religion,
Evoke Invisibility


You were in the Dungeon.
You worshipped Cheibriados.
Cheibriados was exalted by your worship.
You were not hungry.

You visited 1 branch You collected 111 gold pieces.

Inventory:

Hand Weapons
 c - a +4 scimitar of flaming
 u - a +5 broad axe
 F - a +5 scimitar of holy wrath
 H - a +3 double sword (weapon)
Missiles
 E - 42 stones (quivered)
 Q - 16 javelins
Armour
 s - a +1 helmet (worn)
 t - a +6 chain mail (worn)
 w - a +0 pair of boots (worn)
 J - the +1 cloak of Starlight (worn) {rElec rC+ EV+4 Stlth--}
   (You found it in the Dungeon)

   It affects your evasion (+4).
   It protects you from cold.
   It insulates you from electricity.
   It makes you much less stealthy.
 L - a +1 large shield (worn)
Magical Staves
 N - an uncursed staff of poison
 P - an uncursed staff of power
Jewellery
 y - the ring "Uriti" (left hand) {rPois rF+ MR+ Str+4}
   (You found it in the Dungeon)

   [ring of protection from fire]

   It affects your strength (+4).
   It protects you from fire.
   It protects you from poison.
   It affects your resistance to hostile enchantments.
 M - the ring of Suspicion (right hand) {+Inv Int+4 Dex-3 SInv}
   (You found it in the Dungeon)

   [ring of see invisible]

   It affects your intelligence (+4).
   It affects your dexterity (-3).
   It lets you see invisible.
   It lets you turn invisible.
 T - an uncursed ring of wizardry
 U - the amulet "Joasidau" (around neck) {Reflect rC+ rN++ Dex-5 SH+3}
   (You found it in the Dungeon)

   [amulet of reflection]

   It shields you and reflects attacks.
   It affects your dexterity (-5).
   It protects you from cold.
   It greatly protects you from negative energy.
   It affects your SH (+3).
 V - the ring of Viokom {rF+ rC+ rN+ Str-3 Stlth+}
   (You found it in the Dungeon)

   [ring of protection from fire]

   It affects your strength (-3).
   It protects you from fire.
   It protects you from cold.
   It protects you from negative energy.
   It makes you more stealthy.
 W - an uncursed ring of wizardry
Wands
 x - a wand of paralysis (33)
 S - a wand of polymorph (12)
Scrolls
 j - 2 scrolls of blinking
 m - 7 scrolls of remove curse
 n - 3 scrolls of amnesia
 o - a scroll of summoning
 p - 2 scrolls of vulnerability
 r - 4 scrolls of fog
 A - 8 scrolls of enchant weapon
 B - 4 scrolls of fear
 C - 6 scrolls of enchant armour
 D - 3 scrolls of identify
 G - 2 scrolls of magic mapping
 O - 3 scrolls of immolation
Potions
 a - 3 potions of flight
 e - 8 potions of curing
 f - 24 potions of heal wounds
 g - 8 potions of haste
 i - 8 potions of berserk rage
 k - 2 potions of agility
 l - 2 potions of invisibility
 q - 4 potions of resistance
 v - 6 potions of mutation
 z - a potion of brilliance
Books
 h - a manual of Throwing
 R - a manual of Hexes
Miscellaneous
 b - a crystal ball of energy
 I - a sack of spiders
Comestibles
 d - 13 rations


   Skills:
 + Level 18.3 Fighting
 + Level 17.9 Short Blades
 + Level 17.9 Long Blades
 + Level 18.3 Axes
 + Level 17.9 Maces & Flails
 + Level 17.9 Polearms
 + Level 17.9 Staves
 + Level 17.9 Slings
 + Level 17.9 Bows
 + Level 17.9 Crossbows
 + Level 20.0 Throwing
 + Level 18.0 Armour
 + Level 18.3 Dodging
 + Level 17.9 Stealth
 + Level 17.9 Shields
 + Level 17.9 Unarmed Combat
 + Level 18.4 Spellcasting
 + Level 15.4 Conjurations
 + Level 17.3 Hexes
 + Level 16.1 Charms
 + Level 15.4 Summonings
 + Level 15.4 Necromancy
 + Level 15.4 Translocations
 + Level 15.4 Transmutations
 + Level 15.4 Fire Magic
 + Level 15.4 Ice Magic
 + Level 15.4 Air Magic
 + Level 15.4 Earth Magic
 + Level 15.4 Poison Magic
 + Level 19.2 Invocations
 + Level 17.9 Evocations


You had 2 spell levels left.
You knew the following spells:

 Your Spells              Type           Power        Failure   Level  Hunger
a - Infusion              Chrm           ####         0%          1    None
b - Song of Slaying       Chrm           ########     0%          2    None
c - Shroud of Golubria    Chrm/Tloc      ########..   0%          2    None
d - Regeneration          Chrm/Necr      ########..   1%          3    None
e - Spectral Weapon       Hex/Chrm       ########     0%          3    None
f - Summon Mana Viper     Hex/Summ       ########     1%          5    None
g - Freezing Cloud        Conj/Ice/Air   ########..   1%          6    None
h - Mephitic Cloud        Conj/Pois/Air  ########     1%          3    None
i - Dispel Undead         Necr           ########     1%          5    None
j - Sublimation of Blood  Necr           ########..   0%          2    None
k - Borgnjor's Vile Clut  Necr/Erth      ########..   1%          5    None
l - Shadow Creatures      Summ           N/A          1%          6    None
m - Death Channel         Necr           ########..   1%          6    None

Your spell library contained the following spells:

 Spells                   Type           Power        Failure   Level  Hunger
 Animate Skeleton         Necr           N/A          0%          1    None
 Apportation              Tloc           ######       0%          1    None
 Confusing Touch          Hex            ######       0%          1    None
 Freeze                   Ice            ####         0%          1    None
 Sandblast                Erth           ######       0%          1    None
 Sting                    Conj/Pois      ####         0%          1    None
 Summon Butterflies       Summ           ########     0%          1    None
 Summon Small Mammal      Summ           ####         0%          1    None
 Blink                    Tloc           N/A          0%          2    None
 Corpse Rot               Necr           N/A          0%          2    None
 Ensorcelled Hibernation  Hex/Ice        ######       0%          2    None
 Passwall                 Tmut/Erth      ########     0%          2    None
 Poisonous Vapours        Pois/Air       ######       0%          2    None
 Throw Frost              Conj/Ice       ######       0%          2    None
 Call Canine Familiar     Summ           ########     1%          3    None
 Gell's Gravitas          Tloc           ########..   1%          3    None
 Lesser Beckoning         Tloc           ########..   1%          3    None
 Ozocubu's Armour         Chrm/Ice       ########     1%          3    None
 Portal Projectile        Hex/Tloc       ######       1%          3    None
 Recall                   Summ/Tloc      N/A          1%          3    None
 Static Discharge         Conj/Air       ########     1%          3    None
 Stone Arrow              Conj/Erth      ######       1%          3    None
 Teleport Other           Tloc           ########     1%          3    None
 Animate Dead             Necr           N/A          1%          4    None
 Cause Fear               Hex            ########..   1%          4    None
 Force Lance              Conj/Tloc      ########     1%          4    None
 Ice Form                 Ice/Tmut       ########     1%          4    None
 Olgreb's Toxic Radiance  Pois           ########     1%          4    None
 Passage of Golubria      Tloc           N/A          1%          4    None
 Petrify                  Tmut/Erth      ########     1%          4    None
 Summon Ice Beast         Ice/Summ       ########     1%          4    None
 Throw Icicle             Conj/Ice       ########     1%          4    None
 Agony                    Necr           ########     1%          5    None
 Bolt of Draining         Conj/Necr      ########..   1%          5    None
 Excruciating Wounds      Chrm/Necr      ########..   1%          5    None
 Lee's Rapid Deconstruct  Erth           ########..   1%          5    None
 Lightning Bolt           Conj/Air       ########..   1%          5    None
 Metabolic Englaciation   Hex/Ice        ########..   1%          5    None
 Silence                  Hex/Air        ########..   1%          5    None
 Venom Bolt               Conj/Pois      ########..   1%          5    None
 Yara's Violent Unravell  Hex/Tmut       ########..   1%          5    None
 Bolt of Cold             Conj/Ice       ########..   1%          6    None
 Darkness                 Hex            ########..   1%          6    None
 Deflect Missiles         Chrm/Air       ########..   1%          6    None
 Dispersal                Tloc           ########..   1%          6    None
 Ozocubu's Refrigeration  Ice            ########..   1%          6    None
 Simulacrum               Ice/Necr       ########..   1%          6    None
 Summon Hydra             Summ           ########..   7%          7    None
 Discord                  Hex            ########..   26%         8    ###....
 Controlled Blink         Tloc           N/A          50%         8    ###....
 Disjunction              Tloc           ########..   50%         8    ###....
 Ignition                 Fire           ########..   50%         8    ###....
 Shatter                  Erth           ########..   100%        9    #####..
 Tornado                  Air            ########..   100%        9    #####..


Dungeon Overview and Level Annotations

Branches:
Dungeon (1/1)

Altars:
Ashenzari
Cheibriados
Dithmenos
Elyvilon
Fedhas
Gozag
Hepliaklqana
Kikubaaqudgha
Makhleb
Nemelex Xobeh
Okawaru
Qazlal
Ru
Sif Muna
Trog
Uskayaw
Vehumet
Wu Jian
Xom
Yredelemnul
Zin
The Shining One
Beogh
Jiyva
Lugonu

Annotations:
D exclusions: 5 doors and 6 more exclusions


Innate Abilities, Weirdness & Mutations

Your experience applies equally to all skills.
You have very sharp teeth.
Your uncanny sense of smell can sniff out nearby items.


Message History

The skeletal warrior escapes!
The zombie hands constrict the vampire knight, but do no damage.
The zombie hands release their grip on the vampire knight.
The vampire knight mumbles some strange words.
The vampire knight seems to speed up.
The skeletal warrior hits you from afar with a +0 halberd!!
* * * LOW HITPOINT WARNING * * *
The flayed ghost hits you but does no damage.
The skeletal warrior hits you but does no damage.
The skeletal warrior hits you with a +0 scimitar.
* * * LOW HITPOINT WARNING * * *
The vampire knight hits you with a +0 battleaxe.
* * * LOW HITPOINT WARNING * * *
The vampire knight bites you but does no damage.
The flayed ghost hits you but does no damage.
The skeletal warrior hits you but does no damage.
The skeletal warrior hits you with a +0 battleaxe.
* * * LOW HITPOINT WARNING * * *
The vampire knight hits you with a +0 battleaxe!
You die...

########################
#....#.....#........#...
#....#.....#........#...
#....#.....(.....#.....#
#....#......(....#.....#
#....###..###.(###..#..#
#<...#.zz...........#...
#.<..'.@Wz....[...#####.
#.<<.#..V.....).....#(.(
#.<<<###.z###.)###..#)(#
#..<<#...........#...(.#
#.=<<#...........#.....#
#..<<#.....#........#...
#...<#.....#........#...
#''#####################
#''#####################


You could see a vampire knight, 4 skeletal warriors and a flayed ghost.

Vanquished Creatures
  A Killer Klown (D)
  Arachne (D)
  A bone dragon (D)
  4 liches (D)
  Kirke (D)
  A sphinx (D)
  A storm dragon (D)
  A shadow dragon (D)
  A draconian monk (D)
  A frost giant (D)
  A daeva (D)
  A deep elf sorcerer (D)
  An iron dragon (D)
  2 orc warlords (D)
  2 draconian knights (D)
  3 draconian scorchers (D)
  An emperor scorpion (D)
  A ghoul (D)
  A war gargoyle (D)
  A green draconian (D)
  2 vampire knights (D)
  A deep elf demonologist (D)
  2 white draconians (D)
  A deep elf annihilator (D)
  An ettin (D)
  A blizzard demon (D)
  2 eidola (D)
  Snorg (D)
  A merfolk javelineer (D)
  2 deep elf death magi (D)
  A green death (D)
  A fire dragon (D)
  3 deep elf high priests (D)
  4 naga warriors (D)
  2 hydras (D)
  An ogre mage (D)
  3 vault guards (D)
  3 alligator snapping turtles (D)
  An ice dragon (D)
  A spriggan air mage (D)
  A hell beast (D)
  A catoblepas (D)
  A death knight (D)
  A dancing weapon (D)
  3 hell hogs (D)
  4 vampire magi (D)
  2 spriggan berserkers (D)
  A soul eater (D)
  5 deep elf knights (D)
  A shadow wraith (D)
  A fire crab (shapeshifter) (D)
  A fire crab (D)
  16 skeletal warriors (D)
  A sun demon (D)
  2 swamp dragons (D)
  3 cherubim (D)
  A naga ritualist (D)
  2 spriggan druids (D)
  2 unseen horrors (D)
  3 wizards (D)
  A flayed ghost (D)
  A lindwurm (D)
  A phantasmal warrior (D)
  10 orc knights (D)
  2 deep elf magi (D)
  6 elephants (D)
  2 merfolk sirens (D)
  A wolf spider (D)
  2 naga magi (D)
  A moth of wrath (shapeshifter) (D)
  Maurice (D)
  A smoke demon (D)
  A gargoyle (D)
  A komodo dragon (D)
  2 spiny frogs (D)
  3 efreet (D)
  A yaktaur (D)
  3 freezing wraiths (D)
  A hellwing (D)
  2 guardian mummies (D)
  2 ice devils (D)
  2 merfolk (D)
  A troll (D)
  A wind drake (D)
  2 tyrant leeches (D)
  A dream sheep (shapeshifter) (D)
  4 blink frogs (D)
  A hippogriff (D)
  3 redbacks (D)
  A spriggan (D)
  2 shadows (D)
  2 tarantellas (D)
  A fire bat (D)
  2 vampires (D)
  2 chaos spawn (D)
  5 yaks (D)
  4 hogs (D)
  2 basilisks (D)
  A naga (D)
  An acid dragon (D)
  4 insubstantial wisps (D)
  An eye of draining (D)
  6 orc warriors (D)
  A necrophage (D)
  12 wolves (D)
  An ogre (D)
  A gnoll sergeant (D)
  A scorpion (D)
  5 wights (D)
  2 quasits (D)
  An orc priest (D)
  A hound (D)
  An orc wizard (D)
  An iron imp (D)
  A gnoll shaman (D)
  A worker ant (D)
  A mummy (D)
  10 gnolls (D)
  An adder (D)
  An ooze (D)
  3 adder zombies (D)
  An adder skeleton (D)
  4 adder simulacra (D)
  2 leopard geckos (D)
  9 orcs (D)
  10 bat skeletons (D)
  2 bat zombies (D)
  A goblin (D)
  A hobgoblin (D)
  5 jackals (D)
  4 quokkas (D)
  A ball python simulacrum (D)
  3 ball python skeletons (D)
  A bat (D)
  A frilled lizard (D)
  2 giant cockroach zombies (D)
  2 jackal simulacra (D)
  A jackal zombie (D)
  2 leopard gecko zombies (D)
  2 quokka skeletons (D)
  A quokka zombie (D)
  A rat (D)
  2 spectral weapons (D)
310 creatures vanquished.

Vanquished Creatures (others)
  A deep elf knight (D)
  A yaktaur (D)
  2 humans (D)
  2 spectral weapons (D)
6 creatures vanquished.

Grand Total: 316 creatures vanquished

Notes
Turn   | Place    | Note
-------+----------+-------------------------------------------
     0 | D        | schets the Gnoll Skald began the quest for the Orb.
     0 | D        | Reached XP level 1. HP: 20/20 MP: 6/6
    18 | D        | Reached skill level 5 in Spellcasting
    70 | D        | Found a bloodstained altar of Trog.
    70 | D        | Found a deep blue altar of Sif Muna.
    70 | D        | Found a viscous altar of Jiyva.
    70 | D        | Found a hazy altar of Hepliaklqana.
    70 | D        | Found an opulent altar of Gozag.
    71 | D        | Found a glowing golden altar of the Shining One.
    71 | D        | Found a glowing silver altar of Zin.
    71 | D        | Found a basalt altar of Yredelemnul.
    71 | D        | Found a shimmering altar of Xom.
    71 | D        | Found an ornate altar of the Wu Jian Council.
    71 | D        | Found a sacrificial altar of Ru.
    71 | D        | Found a stormy altar of Qazlal.
    71 | D        | Found an iron altar of Okawaru.
    71 | D        | Found a sparkling altar of Nemelex Xobeh.
    71 | D        | Found a burning altar of Makhleb.
    71 | D        | Found a blossoming altar of Fedhas.
    71 | D        | Found a white marble altar of Elyvilon.
    71 | D        | Found a shadowy altar of Dithmenos.
    71 | D        | Found a snail-covered altar of Cheibriados.
    72 | D        | Found a radiant altar of Vehumet.
    72 | D        | Found a corrupted altar of Lugonu.
    72 | D        | Found a roughly hewn altar of Beogh.
    73 | D        | Found a hide-covered altar of Uskayaw.
    73 | D        | Found an ancient bone altar of Kikubaaqudgha.
    73 | D        | Found a shattered altar of Ashenzari.
    83 | D        | Became a worshipper of Cheibriados the Contemplative
   130 | D        | Reached skill level 1 in Short Blades
   130 | D        | Reached skill level 1 in Long Blades
   130 | D        | Reached skill level 1 in Maces & Flails
   130 | D        | Reached skill level 1 in Polearms
   130 | D        | Reached skill level 1 in Staves
   130 | D        | Reached skill level 1 in Slings
   130 | D        | Reached skill level 1 in Bows
   130 | D        | Reached skill level 1 in Crossbows
   130 | D        | Reached skill level 1 in Throwing
   130 | D        | Reached skill level 1 in Stealth
   130 | D        | Reached skill level 1 in Shields
   130 | D        | Reached skill level 1 in Unarmed Combat
   130 | D        | Reached skill level 1 in Conjurations
   130 | D        | Reached skill level 1 in Hexes
   130 | D        | Reached skill level 1 in Summonings
   130 | D        | Reached skill level 1 in Necromancy
   130 | D        | Reached skill level 1 in Translocations
   130 | D        | Reached skill level 1 in Transmutations
   130 | D        | Reached skill level 1 in Fire Magic
   130 | D        | Reached skill level 1 in Ice Magic
   130 | D        | Reached skill level 1 in Air Magic
   130 | D        | Reached skill level 1 in Earth Magic
   130 | D        | Reached skill level 1 in Poison Magic
   130 | D        | Reached skill level 1 in Invocations
   130 | D        | Reached skill level 1 in Evocations
   130 | D        | Reached XP level 2. HP: 5/26 MP: 8/8
   132 | D        | Reached * piety under Cheibriados
   381 | D        | Learned a level 2 spell: Song of Slaying
   384 | D        | Learned a level 2 spell: Shroud of Golubria
   595 | D        | Reached ** piety under Cheibriados
   597 | D        | Reached XP level 3. HP: 22/32 MP: 6/9
   599 | D        | Reached *** piety under Cheibriados
   603 | D        | Reached **** piety under Cheibriados
   791 | D        | Noticed a fire bat
   792 | D        | Noticed a gnoll sergeant
   795 | D        | Reached ***** piety under Cheibriados
   795 | D        | Reached skill level 5 in Fighting
   795 | D        | Reached skill level 5 in Axes
   795 | D        | Reached skill level 2 in Throwing
   795 | D        | Reached skill level 5 in Dodging
   795 | D        | Reached XP level 4. HP: 31/39 MP: 7/11
   795 | D        | Reached skill level 3 in Throwing
   795 | D        | Killed a fire bat
   795 | D        | Reached skill level 4 in Throwing
   795 | D        | Reached XP level 5. HP: 36/46 MP: 8/14
   795 | D        | Reached XP level 6. HP: 41/52 MP: 8/15
   795 | D        | Reached skill level 5 in Armour
   795 | D        | Reached ****** piety under Cheibriados
   795 | D        | Reached skill level 5 in Invocations
   797 | D        | Reached skill level 5 in Short Blades
   797 | D        | Reached skill level 5 in Long Blades
   797 | D        | Reached skill level 5 in Maces & Flails
   797 | D        | Reached skill level 5 in Polearms
   797 | D        | Reached skill level 5 in Staves
   797 | D        | Reached skill level 5 in Slings
   797 | D        | Reached skill level 5 in Bows
   797 | D        | Reached skill level 5 in Crossbows
   797 | D        | Reached skill level 5 in Throwing
   797 | D        | Reached skill level 5 in Stealth
   797 | D        | Reached skill level 5 in Shields
   797 | D        | Reached skill level 5 in Unarmed Combat
   797 | D        | Reached skill level 5 in Evocations
   797 | D        | Reached XP level 7. HP: 42/59 MP: 3/17
   892 | D        | Learned a level 3 spell: Regeneration
   897 | D        | Learned a level 3 spell: Spectral Weapon
   974 | D        | Noticed a tyrant leech
   974 | D        | Noticed a shadow
   983 | D        | Killed a shadow
   991 | D        | Killed a tyrant leech
   991 | D        | Reached skill level 6 in Throwing
   991 | D        | Reached skill level 5 in Conjurations
   991 | D        | Reached skill level 5 in Hexes
   991 | D        | Reached skill level 5 in Summonings
   991 | D        | Reached skill level 5 in Necromancy
   991 | D        | Reached skill level 5 in Translocations
   991 | D        | Reached skill level 5 in Transmutations
   991 | D        | Reached skill level 5 in Fire Magic
   991 | D        | Reached skill level 5 in Ice Magic
   991 | D        | Reached skill level 5 in Air Magic
   991 | D        | Reached skill level 5 in Earth Magic
   991 | D        | Reached skill level 5 in Poison Magic
   991 | D        | Reached XP level 8. HP: 53/68 MP: 8/19
  1380 | D        | Noticed a wizard
  1380 | D        | Noticed a troll
  1380 | D        | Noticed an orc knight
  1382 | D        | Noticed an orc knight
  1385 | D        | Reached XP level 9. HP: 71/75 MP: 8/21
  1385 | D        | Reached skill level 7 in Throwing
  1388 | D        | Killed a shadow wraith
  1390 | D        | Killed an orc knight
  1393 | D        | Killed an orc knight
  1393 | D        | Reached skill level 8 in Throwing
  1393 | D        | Killed a troll
  1393 | D        | Reached XP level 10. HP: 61/83 MP: 5/23
  1403 | D        | Killed a wizard
  1588 | D        | Noticed a spiny frog
  1596 | D        | Reached skill level 10 in Spellcasting
  1604 | D        | Reached skill level 10 in Fighting
  1604 | D        | Reached skill level 10 in Axes
  1604 | D        | Reached skill level 10 in Dodging
  1607 | D        | Killed a spiny frog
  1607 | D        | Reached skill level 9 in Throwing
  1671 | D        | Noticed a deep elf mage
  1672 | D        | Noticed a skeletal warrior
  1672 | D        | Noticed a skeletal warrior
  1672 | D        | Noticed a skeletal warrior
  1673 | D        | Noticed a skeletal warrior
  1675 | D        | Noticed a deep elf mage
  1676 | D        | Noticed a skeletal warrior
  1677 | D        | Noticed a gargoyle
  1677 | D        | Noticed a merfolk siren
  1683 | D        | Killed a skeletal warrior
  1683 | D        | Reached skill level 10 in Invocations
  1684 | D        | Killed a gargoyle
  1685 | D        | Killed a skeletal warrior
  1685 | D        | Reached XP level 11. HP: 40/92 MP: 8/25
  1685 | D        | Killed a skeletal warrior
  1685 | D        | Reached skill level 10 in Armour
  1685 | D        | Killed a deep elf mage
  1685 | D        | Reached skill level 10 in Charms
  1687 | D        | Killed a skeletal warrior
  1687 | D        | Reached skill level 10 in Short Blades
  1687 | D        | Reached skill level 10 in Long Blades
  1687 | D        | Reached skill level 10 in Maces & Flails
  1687 | D        | Reached skill level 10 in Polearms
  1687 | D        | Reached skill level 10 in Staves
  1687 | D        | Reached skill level 10 in Slings
  1687 | D        | Reached skill level 10 in Bows
  1687 | D        | Reached skill level 10 in Crossbows
  1687 | D        | Reached skill level 10 in Throwing
  1687 | D        | Reached skill level 10 in Stealth
  1687 | D        | Reached skill level 10 in Shields
  1687 | D        | Reached skill level 10 in Unarmed Combat
  1687 | D        | Reached skill level 10 in Evocations
  1691 | D        | Noticed an alligator snapping turtle
  1698 | D        | Killed a skeletal warrior
  1701 | D        | Killed a deep elf mage
  1964 | D        | Killed an alligator snapping turtle
  2235 | D        | Noticed a swamp dragon
  2369 | D        | Killed a swamp dragon
  2502 | D        | Noticed a lindwurm
  2502 | D        | Noticed Maurice
  2505 | D        | Killed Maurice
  2506 | D        | Killed a lindwurm
  2506 | D        | Reached XP level 12. HP: 66/101 MP: 16/27
  3083 | D        | Reached skill level 11 in Throwing
  3609 | D        | Noticed a naga warrior
  3940 | D        | Noticed a naga warrior
  4065 | D        | Killed a naga warrior
  4072 | D        | Killed a naga warrior
  4353 | D        | Noticed a daeva
  4363 | D        | Killed a daeva
  4363 | D        | Reached skill level 10 in Conjurations
  4363 | D        | Reached skill level 10 in Hexes
  4363 | D        | Reached skill level 10 in Summonings
  4363 | D        | Reached skill level 10 in Necromancy
  4363 | D        | Reached skill level 10 in Translocations
  4363 | D        | Reached skill level 10 in Transmutations
  4363 | D        | Reached skill level 10 in Fire Magic
  4363 | D        | Reached skill level 10 in Ice Magic
  4363 | D        | Reached skill level 10 in Air Magic
  4363 | D        | Reached skill level 10 in Earth Magic
  4363 | D        | Reached skill level 10 in Poison Magic
  4448 | D        | Noticed a vampire mage
  4455 | D        | Noticed a jiangshi
  4458 | D        | Killed a vampire mage
  4697 | D        | Noticed a catoblepas
  4726 | D        | Killed a catoblepas
  4919 | D        | Reached skill level 12 in Throwing
  4942 | D        | Noticed an orc warlord
  4942 | D        | Noticed an orc warlord
  4948 | D        | Reached XP level 13. HP: 109/109 MP: 11/29
  4954 | D        | Killed an orc warlord
  5482 | D        | Reached skill level 13 in Throwing
  5609 | D        | Killed an orc warlord
  5636 | D        | Noticed a vault guard
  5653 | D        | Killed a vault guard
  5732 | D        | Noticed a vault guard
  5742 | D        | Killed a vault guard
  5861 | D        | Found the +1 cloak of Starlight {rElec rC+ EV+4 Stlth--}
  6097 | D        | Noticed a war gargoyle
  6097 | D        | Noticed Arachne
  6099 | D        | Noticed a vampire knight
  6101 | D        | Killed a war gargoyle
  6101 | D        | Reached XP level 14. HP: 120/120 MP: 26/32
  6113 | D        | HP: 6/120 [poisoned by Arachne (bolt of poison)]
  6118 | D        | HP: 4/120 [poisoned by Arachne (bolt of poison)]
  6123 | D        | HP: 4/120 [poisoned by Arachne (bolt of poison)]
  6128 | D        | HP: 5/120 [poisoned by Arachne (bolt of poison)]
  6133 | D        | HP: 5/120 [poisoned by Arachne (bolt of poison)]
  6147 | D        | Got the amulet "Jomodghiwk" {Reflect rElec Str+2 SH+5}
  6302 | D        | Got the ring of Suspicion {+Inv Int+4 Dex-3 SInv}
  6322 | D        | Learned a level 5 spell: Bolt of Draining
  6380 | D        | Killed Arachne
  6461 | D        | Killed a vampire knight
  6461 | D        | Reached skill level 15 in Invocations
  6548 | D        | Learned a level 5 spell: Venom Bolt
  6552 | D        | Learned a level 3 spell: Mephitic Cloud
  6558 | D        | Learned a level 5 spell: Dispel Undead
  6610 | D        | Reached skill level 14 in Throwing
  6639 | D        | Reached skill level 15 in Spellcasting
  6662 | D        | Reached skill level 15 in Fighting
  6662 | D        | Reached skill level 15 in Axes
  6662 | D        | Reached skill level 15 in Dodging
  6890 | D        | Learned a level 2 spell: Sublimation of Blood
  7148 | D        | Upgraded the game from 0.23-a0-319-gb40ba49 to
                  | 0.23-a0-322-g02c3efa
  7332 | D        | Paralysed by an ogre mage for 5 turns
  7507 | D        | Noticed a purple draconian scorcher
  7507 | D        | Noticed a green draconian
  7507 | D        | Noticed a lich
  7510 | D        | Noticed a white draconian knight
  7512 | D        | Noticed a reaper
  7513 | D        | Noticed a green draconian scorcher
  7517 | D        | Killed a lich
  7523 | D        | Killed a purple draconian scorcher
  7523 | D        | Reached skill level 15 in Armour
  7523 | D        | Noticed a yellow draconian monk
  7526 | D        | Noticed a purple draconian scorcher
  7534 | D        | Killed a purple draconian scorcher
  7539 | D        | Killed a green draconian scorcher
  7539 | D        | Reached skill level 15 in Short Blades
  7539 | D        | Reached skill level 15 in Long Blades
  7539 | D        | Reached skill level 15 in Maces & Flails
  7539 | D        | Reached skill level 15 in Polearms
  7539 | D        | Reached skill level 15 in Staves
  7539 | D        | Reached skill level 15 in Slings
  7539 | D        | Reached skill level 15 in Bows
  7539 | D        | Reached skill level 15 in Crossbows
  7539 | D        | Reached skill level 15 in Throwing
  7539 | D        | Reached skill level 15 in Stealth
  7539 | D        | Reached skill level 15 in Shields
  7539 | D        | Reached skill level 15 in Unarmed Combat
  7539 | D        | Reached skill level 15 in Evocations
  7539 | D        | Reached XP level 15. HP: 73/129 MP: 21/34
  7549 | D        | Killed a white draconian knight
  7552 | D        | Killed a yellow draconian monk
  7561 | D        | Paralysed by a wizard for 5 turns
  7812 | D        | Noticed a Killer Klown
  7813 | D        | Got Sif Muna's Compendium of Dusty Translocation
  7843 | D        | Noticed a sphinx
  7855 | D        | Killed a sphinx
  7857 | D        | Killed a Killer Klown
  7857 | D        | Reached skill level 16 in Throwing
  7998 | D        | Got the ring "Fekioq" {rF++ rC+ MR- Int+4}
  8000 | D        | Got the ring "Upiatirr" {MR+ Dex+6}
  8002 | D        | Got the ring "Leis" {rN+ Slay+3}
  8004 | D        | Got the ring of Beauty {MR+ Str+8 Int+8 Dex-5}
  8006 | D        | Got the ring of Caapu {Str+6 Int+6}
  8009 | D        | Got the ring of Heosulib {Wiz rPois rC+ Int+6 Dex+3}
  8011 | D        | Got the ring of Taitas {rC+ rN+ Dex+2 SInv}
  8112 | D        | Got the ring "Doapene" {rF+ MR++}
  8114 | D        | Got the ring of Lafrep {rPois Stlth+}
  8116 | D        | Got the ring of Tender Moments {rC+ Str+4}
  8118 | D        | Got the ring "Kysifuno" {Wiz Str+3 Int+3}
  8120 | D        | Got the ring "Uriti" {rPois rF+ MR+ Str+4}
  8122 | D        | Got the ring "Rukubit" {+Inv rElec rC+ rN+ Str-4}
  8165 | D        | Got the amulet of Salvation {Regen+ Str+4 Int+3}
  8167 | D        | Got the ring "Baodin" {*Contam rElec rPois Int+3 Dex+3}
  8169 | D        | Got the amulet "Ziesul" {Spirit +Blink MR+ Int+2 Dex-3}
  8171 | D        | Got the amulet "Cuge" {Spirit rF+++ Str-4 Stlth+}
  8173 | D        | Got the amulet "Gorghas" {RegenMP Int+4 Dex+7}
  8175 | D        | Got the ring "Syre" {+Fly Str-4 Dex+4 Stlth+}
  8177 | D        | Got the ring "Geoja" {rPois Int-4 Dex+5 Slay+5 SInv}
  8179 | D        | Got the amulet "Joasidau" {Reflect rC+ rN++ Dex-5 SH+3}
  8181 | D        | Got the ring of Viokom {rF+ rC+ rN+ Str-3 Stlth+}
  8183 | D        | Got the amulet "Kaorph Ucvode" {Spirit MR+ MP+9}
  8185 | D        | Got the amulet of Zivuon {Gourm rElec Int+4 Dex-3}
  8187 | D        | Got the amulet of Moral Flaws {Gourm +Blink rPois rF+ rC-}
  8189 | D        | Got the ring "Gesaiwu" {Wiz Int+4}
  8237 | D        | Learned a level 5 spell: Borgnjor's Vile Clutch
  8248 | D        | Learned a level 5 spell: Summon Mana Viper
  8540 | D        | Noticed a lich
  8547 | D        | Killed a lich
  8851 | D        | Noticed Kirke
  8858 | D        | Noticed a shadow dragon
  8866 | D        | Killed Kirke
  8871 | D        | Reached skill level 17 in Throwing
  8884 | D        | Killed a shadow dragon
  9150 | D        | Noticed Snorg
  9172 | D        | Killed Snorg
  9172 | D        | Reached skill level 15 in Hexes
  9287 | D        | Reached skill level 15 in Charms
  9336 | D        | Noticed an emperor scorpion
  9346 | D        | Noticed a deep elf sorcerer
  9350 | D        | Killed a deep elf sorcerer
  9357 | D        | Noticed a bone dragon
  9369 | D        | Killed a bone dragon
  9369 | D        | Reached XP level 16. HP: 131/141 MP: 17/37
  9373 | D        | Reached skill level 18 in Throwing
  9696 | D        | Noticed a storm dragon
  9713 | D        | Killed a storm dragon
 10003 | D        | Reached skill level 19 in Throwing
 10139 | D        | Reached skill level 15 in Conjurations
 10139 | D        | Reached skill level 15 in Summonings
 10139 | D        | Reached skill level 15 in Necromancy
 10139 | D        | Reached skill level 15 in Translocations
 10139 | D        | Reached skill level 15 in Transmutations
 10139 | D        | Reached skill level 15 in Fire Magic
 10139 | D        | Reached skill level 15 in Ice Magic
 10139 | D        | Reached skill level 15 in Air Magic
 10139 | D        | Reached skill level 15 in Earth Magic
 10139 | D        | Reached skill level 15 in Poison Magic
 10408 | D        | Learned a level 6 spell: Freezing Cloud
 10415 | D        | Learned a level 6 spell: Shadow Creatures
 10735 | D        | Noticed a lich
 10735 | D        | Noticed a lich
 10822 | D        | Paralysed by a vampire knight for 6 turns
 11009 | D        | Killed a lich
 11025 | D        | Killed a lich
 11051 | D        | Reached skill level 20 in Throwing
 11134 | D        | Got a silver rune of Zot
 11193 | D        | Learned a level 6 spell: Death Channel
 11211 | D        | Paralysed by a vampire knight for 6 turns
 11215 | D        | HP: 3/143 [skeletal warrior/+0 battleaxe (5)]
 11215 | D        | Mangled by a vampire knight

Vault maps used:
D:        pitsprint

Skill      XL: |  1  2  3  4  5  6  7  8  9 10 11 12 13 14 15 16 |
---------------+-------------------------------------------------+-----
Spellcasting   | 5 6 7 8 9 10 11 12 14 15 17 18 | 18.4
Short Blades   | 1 2 4 5 6 8 9 10 12 13 15 16 17 | 17.9
Long Blades    | 1 2 4 5 6 8 9 10 12 13 15 16 17 | 17.9
Maces & Flails | 1 2 4 5 6 8 9 10 12 13 15 16 17 | 17.9
Polearms       | 1 2 4 5 6 8 9 10 12 13 15 16 17 | 17.9
Staves         | 1 2 4 5 6 8 9 10 12 13 15 16 17 | 17.9
Slings         | 1 2 4 5 6 8 9 10 12 13 15 16 17 | 17.9
Bows           | 1 2 4 5 6 8 9 10 12 13 15 16 17 | 17.9
Crossbows      | 1 2 4 5 6 8 9 10 12 13 15 16 17 | 17.9
Throwing       | 1 2 4 5 6 8 9 10 12 13 15 17 20 | 20.0
Stealth        | 1 2 4 5 6 8 9 10 12 13 15 16 17 | 17.9
Shields        | 1 2 4 5 6 8 9 10 12 13 15 16 17 | 17.9
Unarmed Combat | 1 2 4 5 6 8 9 10 12 13 15 16 17 | 17.9
Conjurations   | 1 2 3 4 5 6 8 9 10 11 12 14 15 | 15.4
Hexes          | 1 2 3 4 5 6 8 9 10 11 12 15 17 | 17.3
Summonings     | 1 2 3 4 5 6 8 9 10 11 12 14 15 | 15.4
Necromancy     | 1 2 3 4 5 6 8 9 10 11 12 14 15 | 15.4
Translocations | 1 2 3 4 5 6 8 9 10 11 12 14 15 | 15.4
Transmutations | 1 2 3 4 5 6 8 9 10 11 12 14 15 | 15.4
Fire Magic     | 1 2 3 4 5 6 8 9 10 11 12 14 15 | 15.4
Ice Magic      | 1 2 3 4 5 6 8 9 10 11 12 14 15 | 15.4
Air Magic      | 1 2 3 4 5 6 8 9 10 11 12 14 15 | 15.4
Earth Magic    | 1 2 3 4 5 6 8 9 10 11 12 14 15 | 15.4
Poison Magic   | 1 2 3 4 5 6 8 9 10 11 12 14 15 | 15.4
Invocations    | 1 2 4 5 6 7 9 10 11 13 14 16 17 19 | 19.2
Evocations     | 1 2 4 5 6 8 9 10 12 13 15 16 17 | 17.9
Armour         | 3 4 5 6 7 8 9 11 12 13 15 16 18 | 18.0
Fighting       | 5 6 7 8 9 10 11 12 14 15 17 18 | 18.3
Axes           | 5 6 7 8 9 10 11 12 14 15 17 18 | 18.3
Dodging        | 5 6 7 8 9 10 11 12 14 15 17 18 | 18.3
Charms         | 6 7 8 9 10 11 12 13 15 16 | 16.1

Action                   |  1- 3 |  4- 6 |  7- 9 | 10-12 | 13-15 | 16-18 || total
-------------------------+-------+-------+-------+-------+-------+-------++-------
Melee: Hand axe          |    43 |     1 |     4 |       |       |       ||    48
       Bite              |     3 |       |    11 |    33 |    82 |    30 ||   159
       Punch             |     1 |       |     1 |    11 |       |       ||    13
       War axe           |       |       |    28 |       |       |       ||    28
       Broad axe         |       |       |    14 |   164 |    60 |       ||   238
       Double sword      |       |       |       |       |   269 |   123 ||   392
       Scimitar          |       |       |       |       |    11 |       ||    11
Throw: Stone             |       |       |       |     3 |     7 |    19 ||    29
       Javelin           |       |       |       |       |     4 |       ||     4
 Cast: Song of Slaying   |     2 |       |     1 |     3 |     2 |       ||     8
       Regeneration      |       |       |     1 |     6 |    12 |     1 ||    20
       Shroud of Golubri |       |       |     1 |     3 |     1 |       ||     5
       Spectral Weapon   |       |       |       |     5 |     7 |       ||    12
       Bolt of Draining  |       |       |       |       |     7 |       ||     7
       Mephitic Cloud    |       |       |       |       |     2 |       ||     2
       Infusion          |       |       |       |       |     1 |       ||     1
       Borgnjor's Vile C |       |       |       |       |     8 |     8 ||    16
       Dispel Undead     |       |       |       |       |     5 |    15 ||    20
       Summon Mana Viper |       |       |       |       |     2 |     1 ||     3
       Shadow Creatures  |       |       |       |       |       |     4 ||     4
       Death Channel     |       |       |       |       |       |     1 ||     1
Invok: Slouch            |       |     1 |     3 |    28 |    19 |     4 ||    55
       Bend Time         |       |       |     2 |     1 |       |       ||     3
       Step From Time    |       |       |       |     1 |     6 |     1 ||     8
       Temporal Distorti |       |       |       |     2 |       |       ||     2
 Abil: Evoke Invisibilit |       |       |       |       |       |     1 ||     1
Evoke: Wand              |       |       |       |       |     1 |       ||     1
  Use: Potion            |       |       |     1 |     6 |     5 |       ||    12
       Scroll            |       |       |       |       |     2 |       ||     2
 Stab: Sleeping          |     2 |       |       |       |       |       ||     2
       Distracted        |       |       |       |     1 |     3 |     2 ||     6
       Confused          |       |       |       |       |     1 |       ||     1
       Paralysed         |       |       |       |       |     2 |       ||     2
  Eat: Chunk             |       |       |       |     6 |     1 |     1 ||     8
       Ration            |       |       |       |     1 |     4 |     2 ||     7
Armor: Leather armour    |     9 |       |       |       |       |       ||     9
       Chain mail        |     5 |       |    20 |    73 |    87 |    24 ||   209
       Plate armour      |       |       |       |       |     9 |       ||     9
Dodge: Dodged            |    40 |     2 |    55 |   160 |   179 |    66 ||   502
Block: Large shield      |       |       |       |    20 |   451 |   178 ||   649
       Reflection        |       |       |       |       |    17 |    30 ||    47
       Rpst.: Double sword |       |       |       |       |    22 |     8 ||    30

Table legend:
 A = Non-vault XP
 B = Vault XP
 C = Vault XP percentage of total XP
 D = Non-vault monster count
 E = Vault monster count
 F = Vault count percentage of total count
                 A         B        C        D         E       F
            +---------+---------+-------+---------+---------+-------
      Total |       0 |  168390 | 100.0 |       0 |     309 | 100.0
            +---------+---------+-------+---------+---------+-------
          D |       0 |  168390 | 100.0 |       0 |     309 | 100.0
            +---------+---------+-------+---------+---------+-------
